 Dungeon Crawl Stone Soup version 0.17-a0-776-gd86b262 (webtiles) character file.

506004 ventricule the Wrestler (level 23, -7/227 HPs)
             Began as a Troll Monk on Apr 23, 2015.
             Was the Champion of Jiyva.
             Killed from afar by an ancient lich (55 damage)
             ... with a crystal spear
             ... on level 5 of the Realm of Zot on Apr 24, 2015.
             The game lasted 04:46:01 (57617 turns).

ventricule the Wrestler (Troll Monk)               Turns: 57617, Time: 04:46:01

Health: -7/227     AC: 32    Str: 29    XL:     23   Next: 84%
Magic:  22/22      EV:  9    Int:  9    God:    Jiyva [******]
Gold:   2737       SH: 12    Dex: 12    Spells: 0 memorised, 22 levels left

rFire  + + +     SeeInvis .       - Unarmed
rCold  + + +     Clarity  .     o - +1 gold dragon armour
rNeg   . . .     SustAb   .     y - +0 shield {reflect}
rPois  +         Gourm    +     M - +2 hat
rElec  +         Spirit   .     j - +1 cloak of Syozer {rElec rC++}
rCorr  +         Warding  .     (gloves unavailable)
rMut   .         Stasis   .     (boots unavailable)
MR     +++..                    H - amulet of regeneration
Stlth  ..........               B - ring of protection from magic
                                i - ring of protection from fire

@: very slightly contaminated, hasted, very quick, extremely resistant to
hostile enchantments, extremely unstealthy
A: unfitting armour, claws 3, icy blue scales 1, deterioration 1, fire
resistance 1, fast metabolism 3, gourmand, magic resistance 1, regeneration 2,
shaggy fur 1, spit poison 2, tough skin 2, eyeballs 1, gelatinous body 1,
translucent skin 1
a: Spit Poison, Request Jelly, Jelly Paralyse, Slimify, Cure Bad Mutation,
Renounce Religion
}: 3/15 runes: serpentine, barnacled, slimy


You were on level 5 of the Realm of Zot.
You worshipped Jiyva.
Jiyva was exalted by your worship.
You were not hungry.

You visited 10 branches of the dungeon, and saw 58 of its levels.
You visited the Abyss 1 time.
You visited 2 bazaars.
You also visited: Bailey and Ice Cave.

You collected 5426 gold pieces.
You spent 2689 gold pieces at shops.


Innate Abilities, Weirdness & Mutations

You are too large for most types of armour.
You have claws for hands.
Your metabolism is lightning-fast.
You like to eat raw meat.
You heal very quickly.
You are covered in fur (AC +1).
You have very tough skin (AC +2).
You are partially covered in icy blue scales (AC +1).
Your body is slowly deteriorating.
Your flesh is heat resistant.
You are resistant to hostile enchantments.
You can spit poison.
Your body is partially covered in golden eyeballs (Acc +3).
Your rubbery body absorbs attacks (AC +1).
Your skin is partially translucent (Stealth, -foe acc).


   Skills:
 - Level 13.1 Fighting
 - Level 11.0 Throwing
 - Level 17.0 Armour
 - Level 13.0 Dodging
 - Level 1.1 Stealth
 - Level 9.0 Shields
 + Level 26.3 Unarmed Combat


You had 22 spell levels left.
You didn't know any spells.

Inventory:

Hand weapons
 g - a +0 blowgun
Missiles
 w - 46 large rocks (quivered) {=f}
 C - 15 curare-tipped needles {=f}
Armour
 a - the +3 large shield "Gootutt" {-Cast Dex+7 Stlth+}
   (You acquired it on level 8 of the Lair of Beasts)

   It affects your dexterity (+7).
   It prevents spellcasting.
   It makes you more stealthy.
 j - the +1 cloak of Syozer (worn) {rElec rC++}
   (You found it on level 5 of the Dungeon)

   It greatly protects you from cold.
   It insulates you from electricity.
 o - a +1 gold dragon armour (worn)
 y - a +0 shield of reflection (worn)
 G - a cursed fire dragon hide
 M - a +2 hat (worn)
Jewellery
 i - a ring of protection from fire (left claw)
 n - an amulet of stasis
 u - a ring of poison resistance
 v - a ring of flight
 B - a ring of protection from magic (right claw)
 H - an amulet of regeneration (around neck)
 P - a cursed ring of positive energy
Magical devices
 k - a wand of hasting (3) {!d@v3}
 s - a wand of disintegration (15)
 I - a wand of digging (13)
 K - a wand of cold (5)
 Q - a wand of draining (6)
 X - a wand of fire (3)
 Z - a wand of disintegration (16)
Scrolls
 e - 6 scrolls of teleportation {@r4}
 f - 2 scrolls of vulnerability {!r}
 m - 2 scrolls of fear
 p - a scroll of magic mapping
 q - a scroll of blinking
 r - a scroll of recharging
 t - 2 scrolls of amnesia
 z - 4 scrolls of immolation {!r}
 A - 3 scrolls of fog
 F - 8 scrolls of remove curse
 L - a scroll of brand weapon
 O - 5 scrolls of enchant weapon
 U - 13 scrolls of identify {@r1}
Potions
 c - 5 potions of restore abilities
 h - 12 potions of curing {@q1}
 D - a potion of agility
 E - 3 potions of cancellation
 J - a potion of ambrosia {!q}
 N - a potion of brilliance
 S - 4 potions of magic
 V - a potion of heal wounds {@q2}
 W - a potion of invisibility
Comestibles
 b - 20 bread rations
 d - 16 meat rations
 l - 6 royal jellies

Dungeon Overview and Level Annotations

Branches:
Dungeon (15/15)            Temple (1/1) D:7            Lair (8/8) D:10
 Shoals (5/5) Lair:6        Snake (5/5) Lair:3        Slime (6/6) Lair:8
    Orc (4/4) D:12            Elf (0/3) Orc:4        Vaults (4/5) D:14
  Crypt (0/3) Vaults:3     Depths (5/5) D:15            Zot (5/5) Depths:5

Altars:
Ashenzari
Cheibriados
Dithmenos
Elyvilon
Fedhas
Gozag
Kikubaaqudgha
Makhleb
Nemelex Xobeh
Okawaru
Qazlal
Ru
Sif Muna
Trog
Vehumet
Xom
Yredelemnul
Zin
The Shining One
Beogh
Jiyva

Shops:
D:6 *   D:11 ?   Orc:4 [:=*   Shoals:2 [   Shoals:5 *   Vaults:1 [[?[*
Depths:4 %[*

Portals:
Hell: Depths:1 Depths:2 Depths:3 Depths:4 Depths:5
Abyss: Depths:4
Pandemonium: Depths:1
Ziggurat: Depths:4
Trove: Vaults:2 (give +4 fire dragon armour)

Annotations:
D:2 Sigmund
D:11 Sonja
Slime:6 Royal Jelly
Depths:1 the Enchantress
Depths:3 Mennas
Zot:3 6 runed doors

,.,,,,,*,,,,,,*,,,,,,,,,,,,,,,,,,
...,...*,,,,,,*###'##*,,,,,******
.......+,,,,,,*......',,,,,*
..##...#*,,,[,+......#,,,,,*
..##...#*###'###.....#,,,,,*
...#...##.....##.....#,.,,,*
...#..........##.....#...,,*
...'...........#.....'...,,*
...#...........+TL#..#...,,*
...#...........#JJ....#*****
.###...####...##......#
.###...####...##'######
..........#...........#
..........'...........#
..........#...........#
..........#...........#
#######################


You could see an ancient lich, a friendly azure jelly and a friendly death ooze.


Message History

The ancient lich points at you and mumbles some strange words.
The crystal spear hits you!
You shudder from the blast and a jelly pops out!
You mangle the ancient lich!!
The ancient lich is almost destroyed.
You mangle the ancient lich!!
You destroy the ancient lich!
The ancient lich conjures a glowing orb.
The ancient lich conjures a glowing orb.
The orb of destruction hits you!
* * * LOW HITPOINT WARNING * * *
You shudder from the blast and a jelly pops out!
The orb of destruction hits you!
* * * LOW HITPOINT WARNING * * *
Drink which item? (? for menu, Esc to quit)
Your azure jelly hits the ancient lich but does no damage.
Your azure jelly hits the ancient lich.
Your azure jelly freezes the ancient lich!
The ancient lich resists.
Your azure jelly hits the ancient lich.
Your azure jelly hits the ancient lich but does no damage.
Your death ooze hits the ancient lich!
Your death ooze barely misses the ancient lich.
Evoke which item? (* to show all) (? for menu, Esc to quit)
Zapping:
k - a wand of hasting (4) {!d@v3} You feel yourself speed up.
You are very lightly contaminated with residual magic.
This wand has 3 charges left.
The ancient lich points at you and mumbles some strange words.
The crystal spear hits you!
You die...

Action                   |  1- 3 |  4- 6 |  7- 9 | 10-12 | 13-15 | 16-18 | 19-21 | 22-24 || total
-------------------------+-------+-------+-------+-------+-------+-------+-------+-------++-------
Melee: Unarmed           |   107 |   142 |   336 |   706 |  2347 |  1805 |  2118 |  1052 ||  8613
Throw: Large rock        |       |       |       |       |     2 |     2 |    68 |     7 ||    79
Invok: Slimify           |       |       |       |     2 |    13 |       |     6 |     7 ||    28
       Request Jelly     |       |       |       |     2 |     3 |       |       |       ||     5
       Cure Bad Mutation |       |       |       |     1 |       |     1 |     1 |       ||     3
       Jelly Paralyse    |       |       |       |       |    10 |       |       |       ||    10
 Abil: Evoke Flight      |       |       |       |       |       |       |    23 |     1 ||    24
Evoke: Wand              |       |       |       |     2 |     1 |       |       |     3 ||     6
  Use: Scroll            |     6 |     4 |     6 |    14 |    17 |     8 |     6 |     7 ||    68
       Potion            |       |       |     2 |     8 |     3 |     8 |     6 |    18 ||    45
 Stab: Sleeping          |       |     1 |     1 |     1 |     8 |       |       |       ||    11
       Distracted        |       |       |     1 |       |     8 |     1 |     1 |       ||    11
       Confused          |       |       |       |       |    27 |    38 |     8 |     3 ||    76
       Fleeing           |       |       |       |       |       |       |       |     1 ||     1
  Eat: Chunk             |    16 |    15 |    31 |    48 |    79 |    34 |    49 |    11 ||   283
       Beef jerky        |       |       |     1 |       |     1 |       |       |     4 ||     6
       Pizza             |       |       |       |       |     1 |       |     1 |       ||     2
       Fruit             |       |       |       |       |     1 |       |       |       ||     1

Vault maps used:
D:1:      eino_arrival_tree_alley
D:2:      nicolae_overflow_hidden_temple, nicolae_tso_swordbearing_angel,
          first_bread, kennysheep_generic_room_13, uniq_sigmund
D:3:      lemuel_crystal_altar
D:4:      serial_park_tiny_pond, uniq_crazy_yiuf_cottage, uniq_natasha
D:5:      lemuel_coloured_pillars_altar, basic_altar, uniq_duvessa
D:6:      nicolae_elemental_shop
D:7:      temple_statues, basic_altar
D:8:      lemuel_doored_altar, uniq_erica
D:9:      uniq_pikel, uniq_joseph
D:10:     erik_lair_orcish_takeover, hangedman_tell_no_tales
D:11:     serial_shops, nicolae_shop_temple_entry_statues_fountains, uniq_sonja
D:12:     erik_orc_4
D:13:     enter_bailey_3
D:14:     grunt_vaults_entry_tiered, evilmike_ruin_ashenzari
D:15:     grunt_enter_depths_hoard, corexii_corridor_pit
Temple:   nicolae_temple_god_jail
Lair:1:   serial_bayou_shore_a, lemuel_fruit_fields, grunt_megastairs_2,
          infiniplex_staircase_pool, uniq_urug
Lair:2:   nicolae_lair_grove_arrangements
Lair:3:   guppyfry_snake_entry_garden, lemuel_old_faithful
Lair:4:   beast_lair_carwin_3, uniq_rupert
Lair:6:   minmay_shoals_entry_hut, portal_ice_cave_entry_animals_and_master,
          kb_xom_exploding_sheep, grunt_megastairs_4
Lair:7:   bh_autumn_forest_stairs
Lair:8:   grunt_lair_end_beastmaster, slime_altar_1, lemuel_fruit_tree
Shoals:2: serial_shops, shop, lemuel_oklob_altar
Shoals:4: nicolae_shoals_mertower
Shoals:5: nicolae_shoals_island_circles, serial_shops, shop, shoals_end_simple,
          shoal_ilsuiw, nicolae_shoals_loop_pool
Snake:1:  nicolae_snakescales
Snake:3:  serial_shops, bzr_entry_dummy, spider_trap, grunt_ministairs_8,
          nicolae_snake_serpentine_hallways
Snake:4:  grunt_ministairs_15, stair_cage_wide, grunt_megastairs_1, uniq_donald
Snake:5:  minmay_snake_end_coiled
Slime:3:  nicolae_slime_barrier
Slime:4:  basic_altar
Orc:1:    uniq_maurice, uniq_harold
Orc:2:    basic_altar
Orc:3:    nicolae_orc_pool_cavern, minmay_orc_temple_b, uniq_maud
Orc:4:    pubby_orc_utopia, uniq_nessos
Vaults:1: dpeg_vaults_monster_row, nicolae_vaults_little_squares_3, v_misc_27,
          v_pattern_3, v_alt_pattern_1, v_rooms_2,
          nicolae_vaults_sealed_display, vaults_room_grunt_arrival_checkpoint,
          ontoclasm_vaults_decontamination, serial_shops, shop, shop, shop,
          nicolae_shop_behind_doors, shop, basic_altar
Vaults:2: v_misc_30, v_misc_1, nicolae_vaults_ring_of_whatevers, v_rooms_1,
          hangedman_vaults_stitches, nicolae_vaults_little_squares_6, v_rooms_6,
          v_misc_1, v_misc_15, vaults_dpeg_cross, vaults_dpeg_hooks,
          nicolae_vaults_little_squares_4, enter_trove_1, uniq_mara
Vaults:3: minmay_crypt_entry_simple_round, vaults_dpeg_encased_lava, v_misc_33,
          v_pattern_2, nicolae_vaults_c_with_doors, vaults_room_large_hall,
          nicolae_vaults_angled_halls, v_alt_pattern_4, ontoclasm_vaults_eye,
          grunt_vaults_trifunnel, ontoclasm_vaults_ligature, vaults_room_pools,
          nicolae_vaults_three_branches, vaults_mumra_minichess_inversion
Vaults:4: v_misc_13, vaults_room_pool, stair_cage_open,
          hangedman_vaults_corner_blocks, v_misc_13, nicolae_vaults_big_ls,
          ontoclasm_vaults_chip, ontoclasm_vaults_echo,
          nicolae_vaults_little_squares_5, hangedman_vaults_trim,
          vaults_dpeg_ring, nicolae_vaults_rhombus_5, v_misc_5,
          ontoclasm_vaults_tryst, uniq_frederick
Depths:1: rand_demon_pan_entry_1, hangedman_coc_ice_floe,
          lightli_corner_chamber, hangedman_decor_cross_pass, uniq_asterion,
          uniq_enchantress
Depths:2: lemuel_minitomb, grunt_decor_resistance,
          pf_vacation_house_of_asmodeus, lemuel_flamethrower_2,
          minmay_staircase_statues
Depths:3: minmay_tri_stars, grunt_pan_entry_in_and_out, minmay_holes,
          hell_entry, kennysheep_generic_room_12,
          infiniplex_staircase_door_maze, uniq_mennas
Depths:4: grated_community_mu, enter_ziggurat_c, abyss_entry, hellmouth_1
Depths:5: evilmike_zot_entry_diamond, serial_shops, bzr_in_the_mist, hell_entry,
          glass_columns_c, st_stairs_13, serial_bayou_shore_b
Zot:1:    hangedman_zot_vaults_quadrants
Zot:3:    door_vault
Bazaar:   bazaar_jpeg_cross, dpeg_bazaar_wands
Bailey:   bailey_axe_1, bailey
IceCv:    ice_cave_small_giant

Notes
Turn   | Place    | Note
--------------------------------------------------------------
     0 | D:1      | ventricule, the Troll Monk, began the quest for the Orb.
     0 | D:1      | Reached XP level 1. HP: 22/22 MP: 0/0
   173 | D:1      | Reached XP level 2. HP: 25/29 MP: 1/1
   354 | D:1      | Reached skill level 5 in Unarmed Combat
   354 | D:1      | Reached XP level 3. HP: 34/36 MP: 2/2
   816 | D:2      | Found a glowing golden altar of the Shining One.
   935 | D:2      | Found a shattered altar of Ashenzari.
   937 | D:2      | Found a radiant altar of Vehumet.
   987 | D:2      | Noticed Sigmund
   990 | D:2      | Identified a potion of resistance
  1174 | D:3      | Reached XP level 4. HP: 29/44 MP: 3/3
  1328 | D:3      | Noticed an ogre
  1344 | D:3      | Killed an ogre
  1344 | D:3      | Reached skill level 6 in Unarmed Combat
  1344 | D:3      | Reached XP level 5. HP: 44/50 MP: 4/4
  1740 | D:3      | Found a sparkling altar of Nemelex Xobeh.
  1797 | D:3      | Reached skill level 7 in Unarmed Combat
  2207 | D:4      | Reached XP level 6. HP: 59/59 MP: 5/5
  2372 | D:4      | Noticed Crazy Yiuf
  2381 | D:4      | Killed Crazy Yiuf
  2686 | D:4      | Noticed Natasha
  2698 | D:4      | Killed Natasha
  2698 | D:4      | Reached skill level 8 in Unarmed Combat
  2803 | D:4      | Noticed Natasha
  2809 | D:4      | Killed Natasha
  2875 | D:5      | Entered Level 5 of the Dungeon
  2886 | D:5      | Reached XP level 7. HP: 33/66 MP: 6/6
  3031 | D:5      | Identified Jesolaj's Handbook of Malediction
  3060 | D:5      | Reached skill level 9 in Unarmed Combat
  3230 | D:5      | Found an ancient bone altar of Kikubaaqudgha.
  3287 | D:5      | Noticed Viceroy's ghost (weakling HaHu)
  3294 | D:5      | Killed Viceroy's ghost
  3337 | D:5      | Noticed Duvessa
  3337 | D:5      | Noticed Dowan
  3342 | D:5      | Killed Duvessa
  3342 | D:5      | Reached skill level 10 in Unarmed Combat
  3347 | D:5      | Killed Dowan
  3347 | D:5      | Reached XP level 8. HP: 48/74 MP: 7/7
  3394 | D:5      | Got a pitted cloak
  3397 | D:5      | Noticed a water moccasin
  3405 | D:5      | Identified the +1 cloak of Syozer {rElec rC++} (You found it on level 5 of the Dungeon)
  3407 | D:5      | Killed a water moccasin
  3414 | D:5      | Found an ancient bone altar of Kikubaaqudgha.
  3967 | D:6      | Reached skill level 11 in Unarmed Combat
  4034 | D:6      | Found Yhupol's Elemental Accessories.
  4554 | D:7      | Reached skill level 12 in Unarmed Combat
  4629 | D:7      | Found a glowing golden altar of the Shining One.
  4727 | D:7      | Found a staircase to the Ecumenical Temple.
  4762 | D:7      | Reached XP level 9. HP: 80/80 MP: 8/8
  4871 | Temple   | Entered the Ecumenical Temple
  5356 | D:8      | Reached skill level 13 in Unarmed Combat
  5824 | D:9      | Reached skill level 3 in Fighting
  5824 | D:9      | Reached skill level 3 in Dodging
  6065 | D:9      | Noticed Joseph
  6090 | D:9      | Killed Joseph
  6090 | D:9      | Reached skill level 4 in Fighting
  6090 | D:9      | Reached skill level 4 in Dodging
  6090 | D:9      | Reached XP level 10. HP: 51/92 MP: 9/9
  6469 | D:9      | Noticed Pikel
  6492 | D:9      | Killed Pikel
  6622 | D:10     | Entered Level 10 of the Dungeon
  6649 | D:10     | Reached skill level 5 in Dodging
  6673 | D:10     | Found a staircase to the Lair.
  6676 | D:10     | Reached skill level 5 in Fighting
  6852 | Lair:1   | Entered Level 1 of the Lair of Beasts
  7035 | Lair:2   | Reached skill level 6 in Dodging
  7108 | Lair:3   | Reached skill level 6 in Fighting
  7180 | Lair:3   | Found a staircase to the Snake Pit.
  7699 | Lair:4   | Noticed Rupert
  7831 | Lair:4   | Noticed a five-headed hydra
  7895 | Lair:5   | Reached XP level 11. HP: 107/107 MP: 10/10
  8037 | Lair:5   | Reached skill level 7 in Dodging
  8074 | Lair:5   | Reached skill level 7 in Fighting
  8357 | Lair:5   | You fall through a shaft!
  8357 | Lair:8   | Entered Level 8 of the Lair of Beasts
  8375 | Lair:8   | Noticed a seven-headed hydra
  8382 | Lair:8   | Noticed a six-headed hydra
  8388 | Lair:8   | Found a viscous altar of Jiyva.
  8389 | Lair:8   | Found a staircase to the Slime Pits.
  8477 | Lair:8   | Became a worshipper of Jiyva Jetogus the Shapeless
  8477 | Lair:8   | Acquired Jiyva's first power
  8477 | Lair:8   | Acquired Jiyva's second power
  8580 | Lair:8   | Noticed a fire crab
  8590 | Lair:8   | Killed a fire crab
  8590 | Lair:8   | Reached skill level 8 in Dodging
  8686 | Lair:8   | Reached skill level 8 in Fighting
  8827 | Lair:7   | Noticed a death yak
  8843 | Lair:7   | Killed a death yak
  8881 | Lair:7   | Noticed a death yak
  8897 | Lair:7   | Killed a death yak
  8901 | Lair:7   | Noticed a death yak
  8916 | Lair:7   | Killed a death yak
  8916 | Lair:7   | Reached skill level 9 in Dodging
  9110 | Lair:7   | Reached skill level 9 in Fighting
  9110 | Lair:7   | Reached XP level 12. HP: 75/123 MP: 11/11
  9183 | Lair:7   | Noticed a six-headed hydra
  9190 | Lair:7   | Gained mutation: You have acidic saliva. [Jiyva's grace]
  9217 | Lair:8   | Noticed an eight-headed hydra
  9312 | Lair:7   | Acquired Jiyva's third power
  9755 | Lair:6   | Found a frozen archway.
  9756 | Lair:6   | Noticed an ice dragon
  9775 | Lair:6   | Killed an ice dragon
  9812 | IceCv    | Entered an ice cave
  9817 | IceCv    | Reached skill level 10 in Dodging
  9821 | IceCv    | Gained mutation: You are clumsy. (Dex -2) [Jiyva's grace]
  9904 | IceCv    | Reached skill level 10 in Fighting
 10134 | IceCv    | Gained mutation: You are frail (-10% HP). [Jiyva's grace]
 10282 | IceCv    | Noticed a frost giant
 10339 | IceCv    | Slimified a frost giant
 10339 | IceCv    | Noticed an azure jelly
 10339 | IceCv    | a frost giant changed into an azure jelly
 10593 | IceCv    | Acquired Jiyva's fourth power
 10970 | IceCv    | Lost mutation: You are clumsy. (Dex -2) [Jiyva's power]
 10994 | Lair:6   | Lost mutation: You are frail (-10% HP). [Jiyva's grace]
 11229 | Lair:6   | Found a shimmering altar of Xom.
 11677 | Lair:6   | Found a staircase to the Shoals.
 11693 | Lair:6   | Reached skill level 11 in Dodging
 11693 | Lair:6   | Reached XP level 13. HP: 112/136 MP: 12/12
 11874 | Lair:5   | Noticed a black mamba
 11884 | Lair:5   | Killed a black mamba
 11955 | Lair:5   | Noticed a four-headed hydra
 11960 | Lair:5   | Slimified a four-headed hydra
 11960 | Lair:5   | Noticed an acid blob
 11960 | Lair:5   | a four-headed hydra changed into an acid blob
 12201 | Lair:5   | Reached skill level 11 in Fighting
 12511 | Lair:4   | Slimified a five-headed hydra
 12511 | Lair:4   | Noticed an azure jelly
 12511 | Lair:4   | a five-headed hydra changed into an azure jelly
 12735 | Lair:4   | Paralysed by Rupert for 6 turns
 12741 | Lair:4   | Slimified Rupert
 12741 | Lair:4   | Noticed Rupert
 12741 | Lair:4   | Rupert changed into Rupert the acid blob
 12787 | Lair:4   | Lost mutation: You have acidic saliva. [Jiyva's grace]
 13403 | Lair:3   | Noticed a six-headed hydra
 13655 | Lair:3   | Reached skill level 14 in Unarmed Combat
 13879 | Lair:3   | Gained mutation: Your skin is partially translucent (Stealth, -foe acc). [Jiyva's grace]
 13894 | Lair:3   | Slimified a six-headed hydra
 13894 | Lair:3   | a six-headed hydra changed into a slime creature
 14128 | Lair:2   | Identified the Handbook of the Traveller
 15097 | Lair:1   | Noticed Urug
 15117 | Lair:1   | Killed Urug
 15117 | Lair:1   | Reached skill level 15 in Unarmed Combat
 15236 | Lair:1   | Lost mutation: Your skin is partially translucent (Stealth, -foe acc). [Jiyva's grace]
 15695 | D:10     | Found a runed door.
 15818 | D:10     | Noticed a hill giant
 15837 | D:10     | Killed a hill giant
 16207 | D:10     | Gained mutation: You passively map a small area around you. [Jiyva's grace]
 16503 | D:9      | Gained mutation: Your rubbery body absorbs attacks (AC +1). [Jiyva's grace]
 16785 | D:8      | Gained mutation: You are resistant to hostile enchantments. [potion of beneficial mutation]
 16817 | D:8      | Found a sacrificial altar of Ru.
 16817 | D:8      | Noticed Erica
 16824 | D:8      | Killed Erica
 16958 | Lair:3   | Gained mutation: You can spit weak poison. [Jiyva's grace]
 17090 | Lair:8   | Noticed a seven-headed hydra
 17091 | Lair:8   | Slimified an eight-headed hydra
 17091 | Lair:8   | Noticed an acid blob
 17091 | Lair:8   | an eight-headed hydra changed into an acid blob
 17116 | Lair:8   | Noticed a death yak
 17134 | Lair:8   | Killed a death yak
 17278 | Slime:1  | Entered Level 1 of the Pits of Slime
 17326 | Slime:1  | Noticed an acid blob
 17419 | Slime:3  | Noticed an acid blob
 17443 | Slime:5  | Noticed an acid blob
 17455 | Slime:6  | Entered Level 6 of the Pits of Slime
 17466 | Slime:6  | Noticed an acid blob
 17471 | Slime:6  | Noticed an acid blob
 17477 | Slime:6  | Found a viscous altar of Jiyva.
 17477 | Slime:6  | Gained mutation: You are partially covered in molten scales (AC +1). [Jiyva's grace]
 17480 | Slime:6  | Noticed an acid blob
 17480 | Slime:6  | Noticed the royal jelly
 17486 | Slime:6  | Noticed an acid blob
 17492 | Slime:6  | Lost mutation: You passively map a small area around you. [Jiyva's grace]
 17500 | Slime:6  | Noticed an acid blob
 17512 | Slime:6  | Noticed an acid blob
 17531 | Slime:6  | Lost mutation: You are resistant to hostile enchantments. [Jiyva's grace]
 17557 | Slime:6  | Got a slimy rune of Zot
 17573 | Slime:6  | Got a brightly glowing battleaxe
 17574 | Slime:6  | Identified the +7 battleaxe "Newtbane" {chop, +Inv MR+} (You found it on level 6 of the Pits of Slime)
 17661 | Lair:8   | Identified a scroll of acquirement
 17661 | Lair:8   | Killed a six-headed hydra
 17664 | Lair:8   | Got an ichor-stained large shield
 17670 | Lair:8   | Identified the +3 large shield "Gootutt" {-Cast Dex+7 Stlth+} (You acquired it on level 8 of the Lair of Beasts)
 17712 | Lair:8   | Slimified a seven-headed hydra
 17712 | Lair:8   | a seven-headed hydra changed into a slime creature
 17731 | Lair:8   | Slimified a seven-headed hydra
 17731 | Lair:8   | Noticed an azure jelly
 17731 | Lair:8   | a seven-headed hydra changed into an azure jelly
 17901 | Lair:8   | Reached skill level 16 in Unarmed Combat
 17956 | Lair:7   | Slimified a six-headed hydra
 17956 | Lair:7   | Noticed an acid blob
 17956 | Lair:7   | a six-headed hydra changed into an acid blob
 18015 | Lair:7   | Reached XP level 14. HP: 80/146 MP: 13/13
 18838 | D:11     | Noticed Sonja
 18847 | D:11     | Gained mutation: Your spells are a little harder to cast, but a little more powerful. [Jiyva's grace]
 18867 | D:11     | Found Gitis's Magic Scroll Boutique.
 18927 | D:11     | Reached skill level 1 in Shields
 19079 | D:12     | Reached skill level 2 in Shields
 19165 | D:12     | Found a staircase to the Orcish Mines.
 19502 | D:12     | Noticed an acid blob
 19502 | D:12     | a seven-headed hydra changed into an acid blob
 19564 | D:12     | Lost mutation: You can spit weak poison. [Jiyva's grace]
 19807 | D:12     | Reached skill level 3 in Shields
 19891 | D:12     | Gained mutation: You evolve. [Jiyva's grace]
 20185 | Orc:1    | Entered Level 1 of the Orcish Mines
 20416 | Orc:1    | Lost mutation: You evolve. [end of evolution]
 20627 | Orc:2    | Lost mutation: Your rubbery body absorbs attacks (AC +1). [Jiyva's grace]
 20647 | Orc:1    | Noticed Harold
 20648 | Orc:1    | Noticed Maurice
 20793 | Orc:3    | Noticed Maud
 20805 | Orc:3    | Killed Maud
 20805 | Orc:3    | Reached skill level 4 in Shields
 20944 | Orc:3    | Gained mutation: Your system is resistant to poisons. [Jiyva's grace]
 20992 | Orc:3    | Gained mutation: You have a small jelly attached to you that senses nearby items. [Jiyva's grace]
 21108 | Orc:3    | Found a roughly hewn altar of Beogh.
 21238 | Orc:4    | Entered Level 4 of the Orcish Mines
 21332 | Orc:4    | Reached skill level 1 in Armour
 21560 | Orc:4    | Noticed an orc warlord
 21566 | Orc:4    | Slimified an orc warlord
 21566 | Orc:4    | Noticed an acid blob
 21566 | Orc:4    | an orc warlord changed into an acid blob
 21575 | Orc:4    | Gained mutation: You regenerate. [Jiyva's grace]
 21583 | Orc:4    | Gained mutation: You have acidic saliva. [Jiyva's grace]
 21589 | Orc:4    | Lost mutation: You have a small jelly attached to you that senses nearby items. [Jiyva's grace]
 21593 | Orc:4    | Gained mutation: You have a small jelly attached to you that senses nearby items. [Jiyva's grace]
 21606 | Orc:4    | Lost mutation: Your system is resistant to poisons. [Jiyva's grace]
 21616 | Orc:4    | Gained mutation: You can spit weak poison. [Jiyva's grace]
 21660 | Orc:4    | Lost mutation: You have acidic saliva. [Jiyva's grace]
 21722 | Orc:4    | Lost mutation: You can spit weak poison. [Jiyva's grace]
 21804 | Orc:4    | Noticed an orc warlord
 21821 | Orc:4    | Gained mutation: Your rubbery body absorbs attacks (AC +1). [Jiyva's grace]
 21836 | Orc:4    | Gained mutation: Your flesh is cold resistant. [Jiyva's grace]
 21841 | Orc:4    | Found a roughly hewn altar of Beogh.
 21861 | Orc:4    | Slimified an orc warlord
 21861 | Orc:4    | Noticed an azure jelly
 21861 | Orc:4    | an orc warlord changed into an azure jelly
 21908 | Orc:4    | Reached skill level 5 in Shields
 21911 | Orc:4    | Reached skill level 2 in Armour
 21952 | Orc:4    | Gained mutation: Your flesh is heat resistant. [Jiyva's grace]
 22012 | Orc:4    | Found Imuhyng's General Store.
 22077 | Orc:4    | Found Macruq's Jewellery Emporium.
 22097 | Orc:4    | Gained mutation: Your skin is partially translucent (Stealth, -foe acc). [Jiyva's grace]
 22111 | Orc:4    | Gained mutation: You are frail (-10% HP). [Jiyva's grace]
 22122 | Orc:4    | Gained mutation: Your pliable body absorbs attacks (AC +1, EV +1). [Jiyva's grace]
 22125 | Orc:4    | Lost mutation: Your pliable body absorbs attacks (AC +1, EV +1). [Jiyva's grace]
 22153 | Orc:4    | Reached skill level 3 in Armour
 22304 | Orc:4    | Reached skill level 6 in Shields
 22405 | Orc:4    | Found a staircase to the Elven Halls.
 22497 | Orc:4    | Reached skill level 4 in Armour
 22524 | D:4      | Lost mutation: You have a small jelly attached to you that senses nearby items. [Jiyva's grace]
 22549 | Orc:4    | Gained mutation: You passively map a small area around you. [Jiyva's grace]
 22679 | Orc:4    | Gained mutation: You are agile. (Dex +2) [Jiyva's grace]
 22689 | Orc:4    | Found Nutunes's Book Emporium.
 22713 | Orc:4    | Found Xuebair's Antique Armour Shoppe.
 22720 | Orc:4    | Gained mutation: You are resistant to hostile enchantments. [Jiyva's grace]
 22739 | Orc:4    | Found a roughly hewn altar of Beogh.
 22820 | Orc:4    | Killed Nessos
 22828 | Orc:4    | Lost mutation: Your rubbery body absorbs attacks (AC +1). [Jiyva's grace]
 22836 | Orc:4    | Gained mutation: You have a small jelly attached to you that may absorb incoming projectiles. [Jiyva's grace]
 23014 | Orc:4    | Gained mutation: You are highly resistant to hostile enchantments. [Jiyva's grace]
 23117 | Orc:4    | Lost mutation: You are frail (-10% HP). [Jiyva's grace]
 23171 | Orc:2    | Found a roughly hewn altar of Beogh.
 23252 | Orc:2    | Lost mutation: You passively map a small area around you. [Jiyva's grace]
 23390 | Orc:2    | Gained mutation: Your body is partially covered in golden eyeballs (Acc +3). [Jiyva's grace]
 23423 | Orc:2    | Killed Harold
 23481 | Orc:1    | Killed Maurice
 23551 | Orc:1    | Gained mutation: Your spells are harder to cast, but more powerful. [Jiyva's grace]
 23668 | D:13     | Reached skill level 5 in Armour
 23674 | D:13     | Reached skill level 7 in Shields
 23779 | D:13     | Reached XP level 15. HP: 120/154 MP: 14/14
 23886 | D:13     | Lost mutation: Your flesh is heat resistant. [mutagenic meat]
 24004 | D:13     | Found a flagged portal.
 24015 | Bailey   | Entered a bailey
 24132 | Bailey   | Identified a +0 gold dragon armour (You found it on level 6 of the Pits of Slime)
 24324 | D:13     | Reached skill level 6 in Armour
 24405 | D:13     | Lost mutation: You have a small jelly attached to you that may absorb incoming projectiles. [Jiyva's grace]
 24781 | D:13     | Gained mutation: You are partially covered in yellow scales (AC +2). [Jiyva's grace]
 25006 | D:14     | Lost mutation: You are highly resistant to hostile enchantments. [Jiyva's grace]
 25186 | D:14     | Reached skill level 7 in Armour
 25256 | D:14     | Lost mutation: Your flesh is cold resistant. [Jiyva's grace]
 25313 | D:14     | Gained mutation: You are very agile. (Dex +4) [Jiyva's grace]
 25358 | D:14     | Found a gate to the Vaults.
 25381 | D:14     | Reached skill level 8 in Armour
 25574 | D:14     | Found a shattered altar of Ashenzari.
 25591 | D:14     | Gained mutation: You are somewhat resistant to further mutation. [Jiyva's grace]
 25750 | D:14     | Lost mutation: Your spells are harder to cast, but more powerful. [Jiyva's grace]
 25894 | D:15     | Entered Level 15 of the Dungeon
 26051 | D:15     | Lost mutation: Your skin is partially translucent (Stealth, -foe acc). [Jiyva's grace]
 26292 | D:15     | Gained mutation: Your body is mostly covered in golden eyeballs (Acc +5). [Jiyva's grace]
 26385 | D:15     | Reached skill level 8 in Shields
 26390 | D:15     | Found a staircase to the Depths.
 26818 | Lair:6   | Noticed a five-headed hydra
 26821 | Lair:6   | Slimified a five-headed hydra
 26821 | Lair:6   | a five-headed hydra changed into a slime creature
 26851 | Shoals:1 | Entered Level 1 of the Shoals
 26896 | Shoals:1 | Reached skill level 9 in Armour
 27484 | Snake:1  | Entered Level 1 of the Snake Pit
 27842 | Snake:1  | Lost mutation: Your spells are a little harder to cast, but a little more powerful. [Jiyva's grace]
 27884 | Snake:1  | Noticed a greater naga
 27912 | Snake:1  | Reached skill level 9 in Shields
 27957 | Snake:1  | Reached skill level 10 in Armour
 28043 | Snake:1  | Killed a greater naga
 28043 | Snake:1  | Reached XP level 16. HP: 129/162 MP: 15/15
 28069 | Snake:1  | Lost mutation: You regenerate. [Jiyva's grace]
 28159 | Snake:1  | Gained mutation: You are highly resistant to hostile enchantments. [Jiyva's grace]
 28407 | Snake:2  | Reached skill level 11 in Armour
 28507 | Snake:2  | Gained mutation: Your rubbery body absorbs attacks (AC +1). [Jiyva's grace]
 28784 | Snake:2  | Gained mutation: You are resistant to electric shocks. [Jiyva's grace]
 29231 | D:14     | Gained mutation: You are partially covered in icy blue scales (AC +1). [Jiyva's grace]
 29429 | Snake:3  | Reached skill level 12 in Armour
 29640 | Snake:3  | Gained mutation: You have a small jelly attached to you that senses nearby items. [Jiyva's grace]
 29819 | Snake:3  | Found a flickering gateway to a bazaar.
 29828 | Bazaar   | Entered a bazaar
 29836 | Bazaar   | Found Ceagogib's Jewellery Shop.
 29836 | Bazaar   | Found Eluhy's Antique Armour Shop.
 30037 | Snake:3  | Lost mutation: You are very agile. (Dex +4) [Jiyva's grace]
 30443 | Snake:4  | Gained mutation: You possess an exceptional clarity of mind. [potion of mutation]
 30677 | Snake:4  | Reached skill level 17 in Unarmed Combat
 30721 | Snake:4  | Gained mutation: Your skin is partially translucent (Stealth, -foe acc). [Jiyva's grace]
 30826 | Snake:4  | Gained mutation: You have acidic saliva. [Jiyva's grace]
 30931 | Snake:4  | Gained mutation: You have a small jelly attached to you that may absorb incoming projectiles. [Jiyva's grace]
 31337 | Snake:4  | Noticed Donald
 31360 | Snake:4  | Killed Donald
 31383 | Snake:4  | Reached XP level 17. HP: 120/170 MP: 16/16
 31638 | Snake:4  | Lost mutation: You possess an exceptional clarity of mind. [Jiyva's grace]
 31677 | Snake:4  | Gained mutation: You are covered in slimy tendrils that may disarm your opponents. [Jiyva's grace]
 32109 | Snake:4  | Reached skill level 18 in Unarmed Combat
 32127 | Snake:4  | Lost mutation: You have acidic saliva. [Jiyva's grace]
 32433 | Vaults:1 | Entered Level 1 of the Vaults
 32576 | Vaults:1 | Lost mutation: You are agile. (Dex +2) [Jiyva's grace]
 32584 | Vaults:1 | Found Luycuvox's Magic Scroll Emporium.
 32600 | Vaults:1 | Lost mutation: Your skin is partially translucent (Stealth, -foe acc). [mutagenic meat]
 32601 | Vaults:1 | Lost mutation: Your body is mostly covered in golden eyeballs (Acc +5). [mutagenic meat]
 32607 | Vaults:1 | Found Bicsagumu's General Store.
 32617 | Vaults:1 | Found a white marble altar of Elyvilon.
 33016 | Vaults:1 | Gained mutation: You have acidic saliva. [Jiyva's grace]
 33169 | Vaults:1 | Reached skill level 19 in Unarmed Combat
 33330 | Vaults:1 | Lost mutation: You are resistant to electric shocks. [Jiyva's grace]
 33454 | Vaults:1 | Gained mutation: You have large cloven feet. [Jiyva's grace]
 33500 | Vaults:1 | Lost mutation: You have a small jelly attached to you that senses nearby items. [Jiyva's grace]
 33543 | Vaults:1 | Lost mutation: You are highly resistant to hostile enchantments. [Jiyva's grace]
 33578 | Vaults:1 | Lost mutation: You have large cloven feet. [Jiyva's grace]
 33630 | Vaults:1 | Found Vadearphu's Antique Armour Boutique.
 33890 | Vaults:1 | Lost mutation: You are somewhat resistant to further mutation. [Jiyva's grace]
 34067 | Vaults:1 | Found Itiut's Antique Armour Emporium.
 34069 | Vaults:1 | Found Naddoenn's Antique Armour Shoppe.
 34356 | Vaults:2 | Reached skill level 20 in Unarmed Combat
 34470 | Vaults:2 | Lost mutation: You are covered in slimy tendrils that may disarm your opponents. [Jiyva's grace]
 34509 | Vaults:2 | Lost mutation: You are partially covered in icy blue scales (AC +1). [Jiyva's grace]
 34773 | Vaults:2 | Reached XP level 18. HP: 41/179 MP: 17/17
 34773 | Vaults:2 | Gained mutation: Your muscles are strong. (Str +2) [Jiyva's grace]
 35143 | Vaults:2 | Noticed Mara
 35269 | Vaults:2 | Reached skill level 1 in Throwing
 35304 | Vaults:2 | Found a portal to a secret trove of treasure.
 35316 | Vaults:2 | Reached skill level 2 in Throwing
 35577 | Vaults:3 | Reached skill level 3 in Throwing
 35593 | Vaults:3 | Lost mutation: You have acidic saliva. [mutagenic meat]
 35595 | Vaults:3 | Gained mutation: Armour fits poorly on your strangely shaped body. [mutagenic meat]
 35596 | Vaults:3 | Lost mutation: Armour fits poorly on your strangely shaped body. [Jiyva's power]
 35642 | Vaults:3 | Reached skill level 4 in Throwing
 35777 | Vaults:3 | Reached skill level 5 in Throwing
 35847 | Vaults:3 | Cast into the Abyss (an ogre mage)
 35848 | Abyss:1  | Upgraded the game from 0.17-a0-764-gd40c196 to 0.17-a0-776-gd86b262
 35864 | Abyss:1  | Found a radiant altar of Vehumet.
 36194 | Abyss:1  | Reached skill level 6 in Throwing
 36213 | Abyss:1  | Identified the Reference Book on Heat (You found it on level 1 of the Abyss)
 36234 | Vaults:3 | Escaped the Abyss
 36297 | Vaults:3 | Found a staircase to the Crypt.
 36383 | Vaults:3 | Reached skill level 7 in Throwing
 36441 | Vaults:3 | Lost mutation: You are resistant to hostile enchantments. [Jiyva's grace]
 36620 | Vaults:3 | Reached skill level 8 in Throwing
 36652 | Vaults:3 | Gained mutation: Your system is resistant to poisons. [Jiyva's grace]
 36685 | Vaults:3 | Reached skill level 9 in Throwing
 36833 | Vaults:3 | Gained mutation: Your pliable body absorbs attacks (AC +1, EV +1). [Jiyva's grace]
 36840 | Vaults:3 | Gained mutation: You are partially covered in icy blue scales (AC +1). [Jiyva's grace]
 36972 | Vaults:3 | Was placed under penance by Jiyva
 37065 | Vaults:3 | HP: 17/179 [ettin/dire flail (27)]
 37071 | Vaults:3 | HP: 15/179 [ettin/dire flail (11)]
 37182 | Vaults:4 | Reached skill level 13 in Armour
 37186 | Vaults:4 | Noticed Frederick
 37191 | Vaults:4 | HP: 8/179 [Frederick/orb of energy (23)]
 37198 | Vaults:4 | Killed Frederick
 37204 | Vaults:4 | Lost mutation: You have a small jelly attached to you that may absorb incoming projectiles. [mutagenic meat]
 37433 | Vaults:4 | Gained mutation: Your magical capacity is low (-10% MP). [mutagenic meat]
 37594 | Vaults:4 | Reached skill level 10 in Throwing
 37663 | Vaults:4 | Gained mutation: Armour fits poorly on your strangely shaped body. [Jiyva's wrath]
 37663 | Vaults:4 | Gained mutation: Your body is slowly deteriorating. [Jiyva's wrath]
 37663 | Vaults:4 | Gained mutation: You are occasionally teleported to nearby monsters. [Jiyva's wrath]
 37707 | Vaults:4 | Reached XP level 19. HP: 171/187 MP: 16/16
 37772 | Vaults:4 | Was forgiven by Jiyva
 37782 | Vaults:4 | Lost mutation: You are occasionally teleported to nearby monsters. [Jiyva's grace]
 37790 | Vaults:4 | Lost mutation: Your magical capacity is low (-10% MP). [Jiyva's grace]
 37837 | Vaults:4 | Lost mutation: Armour fits poorly on your strangely shaped body. [Jiyva's power]
 38101 | Vaults:3 | Gained mutation: You are frail (-10% HP). [Jiyva's grace]
 38352 | Vaults:3 | Gained mutation: You have a pair of small horns on your head. [Jiyva's grace]
 38456 | Vaults:3 | Lost mutation: Your body is slowly deteriorating. [Jiyva's grace]
 38635 | Vaults:3 | Gained mutation: You have acidic saliva. [Jiyva's grace]
 38870 | Vaults:4 | Reached skill level 11 in Throwing
 38916 | Vaults:4 | Paralysed by a sphinx for 4 turns
 38923 | Vaults:4 | Paralysed by a sphinx for 3 turns
 38931 | Vaults:4 | Reached skill level 14 in Armour
 39009 | Vaults:4 | Lost mutation: You are frail (-10% HP). [Jiyva's grace]
 39060 | Vaults:4 | Gained mutation: Your muscles are very strong. (Str +4) [Jiyva's grace]
 39094 | Vaults:4 | Gained mutation: You are covered in slimy tendrils that may disarm your opponents. [Jiyva's grace]
 39110 | Vaults:4 | Gained mutation: Your skin is partially translucent (Stealth, -foe acc). [Jiyva's grace]
 39564 | Vaults:2 | Noticed ventricule's illusion
 39570 | Vaults:2 | Killed Mara
 39977 | Lair:6   | Gained mutation: Your skin is mostly translucent (Stealth, -foe acc). [Jiyva's grace]
 40416 | Shoals:2 | Reached skill level 15 in Armour
 40424 | Shoals:2 | Found Zupuo's Antique Armour Emporium.
 40427 | Shoals:2 | Lost mutation: Your muscles are very strong. (Str +4) [potion of mutation]
 40427 | Shoals:2 | Gained mutation: Your mind is acute. (Int +2) [potion of mutation]
 40797 | Shoals:2 | Found a shimmering altar of Xom.
 40799 | Shoals:2 | Gained mutation: You can spit weak poison. [Jiyva's grace]
 41072 | Shoals:3 | Lost mutation: Your mind is acute. (Int +2) [Jiyva's grace]
 41407 | Shoals:3 | Gained mutation: You are covered in thick fur (AC +2). [Jiyva's grace]
 41607 | Shoals:3 | Gained mutation: You can spit poison. [Jiyva's grace]
 41826 | Shoals:3 | Lost mutation: Your body is partially covered in golden eyeballs (Acc +3). [Jiyva's grace]
 41943 | Shoals:4 | Reached XP level 20. HP: 118/196 MP: 19/19
 42183 | Shoals:4 | Reached skill level 16 in Armour
 42422 | Shoals:4 | Gained mutation: You have a pair of horns on your head. [Jiyva's grace]
 42507 | Shoals:4 | Lost mutation: You are partially covered in molten scales (AC +1). [Jiyva's grace]
 42662 | Shoals:5 | Entered Level 5 of the Shoals
 42891 | Shoals:4 | Lost mutation: You can spit poison. [Jiyva's grace]
 42896 | Shoals:5 | Noticed Ilsuiw
 43180 | Shoals:5 | Found Colilo's General Store.
 43393 | Shoals:5 | Gained mutation: You can spit poison. [Jiyva's grace]
 43409 | Shoals:5 | Slimified Ilsuiw
 43409 | Shoals:5 | Noticed Ilsuiw
 43409 | Shoals:5 | Ilsuiw changed into Ilsuiw the azure jelly
 43421 | Shoals:5 | Lost mutation: You are covered in slimy tendrils that may disarm your opponents. [Jiyva's grace]
 43452 | Shoals:5 | Got a barnacled rune of Zot
 43461 | Shoals:5 | Lost mutation: Your muscles are strong. (Str +2) [Jiyva's grace]
 43790 | D:11     | Gained mutation: You are covered in slimy tendrils that may disarm your opponents. [Jiyva's grace]
 43919 | Depths:1 | Entered Level 1 of the Depths
 44020 | Depths:1 | Noticed Asterion
 44046 | Depths:1 | Killed Asterion
 44135 | Depths:1 | Reached skill level 17 in Armour
 44313 | Depths:1 | Lost mutation: You are covered in thick fur (AC +2). [Jiyva's grace]
 44331 | Depths:1 | Noticed the Enchantress
 44347 | Depths:1 | Found a gateway to Hell.
 44360 | Depths:1 | Gained mutation: You have large cloven feet. [Jiyva's grace]
 44815 | Depths:1 | Found a one-way gate leading to the halls of Pandemonium.
 45230 | Depths:2 | Lost mutation: You have large cloven feet. [Jiyva's grace]
 45662 | Depths:2 | Lost mutation: You can spit poison. [Jiyva's grace]
 45845 | Depths:2 | Reached skill level 12 in Fighting
 45910 | Depths:2 | Noticed a greater mummy
 45917 | Depths:2 | Slimified a greater mummy
 45917 | Depths:2 | a greater mummy changed into a death ooze
 46232 | Depths:3 | Paralysed by a wizard for 7 turns
 46264 | Depths:3 | Reached skill level 12 in Dodging
 46299 | Depths:3 | Lost mutation: You can spit weak poison. [Jiyva's grace]
 47013 | Depths:3 | Lost mutation: You are covered in slimy tendrils that may disarm your opponents. [Jiyva's grace]
 47076 | Depths:3 | Noticed Mennas
 47080 | Depths:3 | You fall through a shaft!
 47080 | Depths:5 | Entered Level 5 of the Depths
 47080 | Depths:5 | Noticed a golden dragon
 47105 | Depths:5 | Reached XP level 21. HP: 202/208 MP: 20/20
 47135 | Depths:5 | Noticed a golden dragon
 47147 | Depths:5 | Killed a golden dragon
 47403 | Depths:5 | Killed a golden dragon
 47514 | Depths:5 | Gained mutation: You have a small jelly attached to you that senses nearby items. [Jiyva's grace]
 47557 | Depths:5 | Reached skill level 13 in Fighting
 47600 | Depths:5 | Found a flickering gateway to a bazaar.
 47605 | Bazaar   | Entered a bazaar
 47618 | Bazaar   | Found Polepron's Distillery.
 47622 | Bazaar   | Bought a potion of mutation for 25 gold pieces
 47622 | Bazaar   | Bought a potion of agility for 40 gold pieces
 47622 | Bazaar   | Gained mutation: You are mostly covered in yellow scales (AC +3). [potion of mutation]
 47648 | Bazaar   | Found Gathroov's Distillery.
 47652 | Bazaar   | Bought a potion of heal wounds for 55 gold pieces
 47652 | Bazaar   | Bought a potion of heal wounds for 55 gold pieces
 47662 | Bazaar   | Found Vasiw's Gadget Emporium.
 47684 | Bazaar   | Found Gabrec's Gadget Emporium.
 47784 | Depths:5 | Reached skill level 13 in Dodging
 48172 | Depths:5 | Found a gate to the Realm of Zot.
 48410 | Depths:5 | Lost mutation: Your system is resistant to poisons. [Jiyva's grace]
 48611 | Depths:4 | Found a gateway to a ziggurat.
 48620 | Depths:4 | Gained mutation: You have an increased reservoir of magic (+10% MP). [Jiyva's grace]
 48680 | Depths:2 | Reached skill level 21 in Unarmed Combat
 49054 | Snake:5  | Entered Level 5 of the Snake Pit
 49700 | Snake:5  | Lost mutation: You have a pair of horns on your head. [Jiyva's grace]
 49718 | Snake:5  | Lost mutation: You have an increased reservoir of magic (+10% MP). [Jiyva's grace]
 49736 | Snake:5  | Gained mutation: You have a small jelly attached to you that may absorb incoming projectiles. [Jiyva's grace]
 49748 | Snake:5  | Lost mutation: You have a pair of small horns on your head. [Jiyva's grace]
 49786 | Snake:5  | Gained mutation: Your gelatinous body deflects attacks (AC +2, EV +2). [Jiyva's grace]
 49848 | Snake:5  | Lost mutation: Your skin is mostly translucent (Stealth, -foe acc). [Jiyva's grace]
 49864 | Snake:5  | Got a serpentine rune of Zot
 50332 | Depths:3 | Gained mutation: Your flesh is cold resistant. [Jiyva's grace]
 50374 | Depths:4 | Found a one-way gate to the infinite horrors of the Abyss.
 50436 | Depths:4 | Reached skill level 22 in Unarmed Combat
 50657 | Depths:4 | Paralysed by a sphinx for 3 turns
 50730 | Depths:4 | Gained mutation: You have large cloven feet. [Jiyva's grace]
 50855 | Depths:4 | Reached XP level 22. HP: 200/219 MP: 21/21
 50937 | Depths:4 | Lost mutation: You are mostly covered in yellow scales (AC +3). [Jiyva's grace]
 51080 | Depths:4 | Found an ancient bone altar of Kikubaaqudgha.
 51364 | Depths:4 | Gained mutation: You are covered in slimy tendrils that may disarm your opponents. [Jiyva's grace]
 51432 | Depths:4 | Found a roughly hewn altar of Beogh.
 51521 | Depths:4 | Gained mutation: Your mind is acute. (Int +2) [Jiyva's grace]
 51595 | Depths:4 | Found Wuet Bow's Slaves and Accessories.
 51688 | Depths:4 | Lost mutation: Your gelatinous body deflects attacks (AC +2, EV +2). [Jiyva's grace]
 51707 | Depths:4 | Found The Legendary Mehyxa's Legendary Smithy.
 51748 | Depths:4 | Found Jack's Jerk-a-riffic Jerky.
 51779 | Depths:4 | Lost mutation: You are partially covered in yellow scales (AC +2). [Jiyva's grace]
 51984 | Depths:4 | Found Sedoodat's Miraculous Elixirs.
 51993 | Depths:4 | Bought a potion of mutation for 125 gold pieces
 51993 | Depths:4 | Bought a potion of mutation for 125 gold pieces
 51994 | Depths:4 | Lost mutation: Your pliable body absorbs attacks (AC +1, EV +1). [potion of mutation]
 51994 | Depths:4 | Lost mutation: Your mind is acute. (Int +2) [potion of mutation]
 51994 | Depths:4 | Lost mutation: You are covered in slimy tendrils that may disarm your opponents. [potion of mutation]
 51995 | Depths:4 | Bought a potion of mutation for 125 gold pieces
 51995 | Depths:4 | Bought a potion of mutation for 125 gold pieces
 51995 | Depths:4 | Bought a potion of mutation for 125 gold pieces
 51995 | Depths:4 | Bought a potion of mutation for 125 gold pieces
 51995 | Depths:4 | Bought a potion of mutation for 125 gold pieces
 51995 | Depths:4 | Bought a potion of mutation for 125 gold pieces
 51995 | Depths:4 | Bought a potion of mutation for 125 gold pieces
 51995 | Depths:4 | Bought a potion of mutation for 125 gold pieces
 51995 | Depths:4 | Lost mutation: Your flesh is cold resistant. [potion of mutation]
 51996 | Depths:4 | Gained mutation: You can spit weak poison. [potion of mutation]
 51996 | Depths:4 | Gained mutation: Armour fits poorly on your strangely shaped body. [potion of mutation]
 51997 | Depths:4 | Gained mutation: You are surrounded by a mild repulsion field (EV +2). [potion of mutation]
 51997 | Depths:4 | Lost mutation: You have a small jelly attached to you that senses nearby items. [potion of mutation]
 51999 | Depths:4 | Gained mutation: You are resistant to hostile enchantments. [potion of mutation]
 52000 | Depths:4 | Gained mutation: You regenerate. [potion of mutation]
 52000 | Depths:4 | Lost mutation: You have a small jelly attached to you that may absorb incoming projectiles. [potion of mutation]
 52001 | Depths:4 | Lost mutation: You are resistant to hostile enchantments. [potion of mutation]
 52002 | Depths:4 | Lost mutation: Armour fits poorly on your strangely shaped body. [potion of mutation]
 52002 | Depths:4 | Gained mutation: You can spit poison. [potion of mutation]
 52080 | Depths:4 | Lost mutation: Your rubbery body absorbs attacks (AC +1). [Jiyva's grace]
 52314 | Zot:1    | Entered Level 1 of the Realm of Zot
 52337 | Zot:1    | Reached skill level 23 in Unarmed Combat
 52596 | Zot:1    | Lost mutation: You are surrounded by a mild repulsion field (EV +2). [Jiyva's grace]
 52688 | Zot:1    | Lost mutation: You have acidic saliva. [Jiyva's grace]
 53179 | Zot:1    | Lost mutation: You regenerate. [Jiyva's grace]
 53441 | Zot:1    | Reached skill level 24 in Unarmed Combat
 53491 | Zot:1    | Lost mutation: You have large cloven feet. [Jiyva's grace]
 54094 | Zot:1    | Gained mutation: Your body is partially covered in golden eyeballs (Acc +3). [Jiyva's grace]
 54513 | Zot:2    | Reached XP level 23. HP: 137/227 MP: 22/22
 54792 | Zot:2    | Gained mutation: You are resistant to hostile enchantments. [Jiyva's grace]
 55091 | Zot:2    | Gained mutation: Your flesh is heat resistant. [Jiyva's grace]
 55161 | Zot:2    | Reached skill level 25 in Unarmed Combat
 55186 | Zot:3    | Found a huge runed gate.
 55193 | Zot:3    | Found a huge runed gate.
 55439 | Zot:3    | Found a huge runed gate.
 55439 | Zot:3    | Found a huge runed gate.
 55439 | Zot:3    | Found a huge runed gate.
 55439 | Zot:3    | Found a huge runed gate.
 55562 | Zot:5    | Entered Level 5 of the Realm of Zot
 56016 | Zot:5    | Noticed an orb of fire
 56052 | Zot:5    | Gained mutation: Your spells are a little easier to cast, but a little less powerful. [an orb of fire]
 56064 | Zot:5    | Killed an orb of fire
 56202 | Zot:5    | Noticed an orb of fire
 56204 | Zot:5    | Gained mutation: Your body is slowly deteriorating. [an orb of fire]
 56210 | Zot:5    | Killed an orb of fire
 56214 | Zot:5    | Noticed an orb of fire
 56231 | Zot:5    | Noticed an ancient lich
 56232 | Zot:5    | Noticed an ancient lich
 56429 | Zot:2    | Gained mutation: Your rubbery body absorbs attacks (AC +1). [Jiyva's grace]
 56536 | Zot:2    | Reached skill level 26 in Unarmed Combat
 56668 | Depths:4 | Bought a wand of hasting (4) for 1152 gold pieces
 56961 | Vaults:1 | Bought a scroll of blinking for 112 gold pieces
 57376 | Zot:3    | Lost mutation: Your spells are a little easier to cast, but a little less powerful. [Jiyva's grace]
 57606 | Zot:5    | Noticed an ancient lich
 57612 | Zot:5    | Killed an ancient lich
 57617 | Zot:5    | Killed from afar by an ancient lich

Vanquished Creatures
  An ancient lich (Zot:5)
  2 orbs of fire (Zot:5)
  Mara (Vaults:2)
  Frederick (Vaults:4)
  3 Killer Klowns (Zot:5)
  7 golden dragons
  2 liches
  3 bone dragons (Zot:1)
  4 electric golems
  7 tentacled monstrosities
  Asterion (Depths:1)
  4 Orb Guardians (Zot:5)
  A quicksilver dragon (Zot:1)
  4 sphinxes
  2 titans (Depths:4)
  2 tentacled starspawn (Abyss:1)
  2 krakens
  3 shadow dragons
  7 storm dragons
  5 fire giants
  2 draconian monks
  6 frost giants
  6 vault wardens
  Donald (Snake:4)
  11 greater nagas
  Maud (Orc:3)
  5 draconian knights
  A deep elf sorcerer (Vaults:1)
  A draconian scorcher (Zot:5)
  A ghost moth (Zot:2)
  3 iron dragons
  2 orc warlords (Depths:4)
  A curse skull (Vaults:3)
  A draconian zealot (Zot:1)
  14 very ugly things
  9 stone giants
  A draconian annihilator (Depths:5)
  3 spriggan defenders (Depths:1)
  10 ironheart preservers
  A vampire knight (Depths:3)
  3 black draconians
  5 mottled draconians
  4 red draconians
  4 white draconians
  6 yellow draconians
  5 green draconians
  6 purple draconians
  3 small abominations
  19 ettins
  7 merfolk javelineers
  9 merfolk impalers
  A crystal guardian (Vaults:4)
  A green death (Depths:1)
  5 jiangshi
  13 vault guards
  7 yaktaur captains
  16 fire dragons
  9 rakshasas
  4 spriggan air magi
  2 death cobs
  Harold (Orc:2)
  24 naga warriors
  15 ice dragons
  4 entropy weavers
  A catoblepas (Lair:4)
  2 merfolk aquamancers
  4 merfolk avatars
  9 centaur warriors
  Erica (D:8)
  2 alligator snapping turtles
  6 anacondas
  4 salamander stormcallers
  3 tengu warriors (D:13)
  11 ogre magi
  2 satyrs (Shoals:4)
  5 deep troll shamans
  9 death yaks
  6 deep troll earth magi
  5 naga sharpshooters
  Urug (Lair:1)
  A spriggan berserker (Depths:5)
  2 shock serpents
  A sun demon (Depths:1)
  4 vampire magi
  3 deep elf knights
  6 orc high priests (Orc:4)
  A soul eater (Depths:2)
  11 skeletal warriors
  5 fire crabs
  13 sea snakes
  An unseen horror (shapeshifter) (Vaults:1)
  4 salamander mystics
  4 iron trolls
  A shadow wraith (Vaults:3)
  15 deep trolls
  An unseen horror (Vaults:1)
  A flayed ghost (Depths:5)
  A deep troll (shapeshifter) (Vaults:3)
  An ice devil (Vaults:1)
  6 hill giants
  10 naga ritualists
  A shadow dragon zombie (Depths:3)
  An ice statue (IceCv)
  A phantasmal warrior (Abyss:1)
  A deep elf summoner (Vaults:1)
  16 ironbrand convokers
  Pikel (D:9)
  A golden dragon skeleton (Depths:3)
  21 wizards
  A lindwurm (shapeshifter) (D:13)
  10 orc knights
  A deep elf conjurer (Depths:3)
  35 ugly things
  7 necromancers
  An iron dragon zombie (Depths:2)
  3 wolf spiders (Vaults:4)
  A worldbinder (Abyss:1)
  13 mana vipers
  9 griffons
  2 fire giant zombies
  2 hornets
  A tengu skeleton (Vaults:4)
  2 stone giant zombies
  2 sixfirhies
  2 frost giant zombies (Depths:2)
  7 elephants
  3 cyclopes
  2 large abominations (Abyss:1)
  4 water nymphs
  A harpy (shapeshifter) (Vaults:2)
  14 moths of wrath
  2 salamanders (shapeshifter) (Vaults:1)
  4 manticores
  12 sirens
  7 orc sorcerers
  24 salamanders
  20 fauns
  An oklob plant (Shoals:2)
  8 vault sentinels
  37 black mambas
  An octopode (shapeshifter) (Vaults:3)
  Maurice (Orc:1)
  Joseph (D:9)
  3 gargoyles
  A centaur zombie (D:14)
  A titan simulacrum (Depths:3)
  4 guardian serpents
  19 naga magi
  An elf (Depths:4)
  A smoke demon (Depths:4)
  10 spiny frogs
  4 komodo dragons
  A spiny frog (shapeshifter) (Vaults:4)
  3 fire drakes
  43 yaktaurs
  2 freezing wraiths
  A yaktaur (shapeshifter) (Vaults:1)
  2 tengu conjurers
  2 yaktaur skeletons (Vaults:3)
  An elf (shapeshifter) (Vaults:1)
  3 guardian mummies (Depths:2)
  A red devil (Depths:4)
  A deep elf priest (Vaults:1)
  A jumping spider (Depths:1)
  A wind drake (Shoals:3)
  A blue devil (Vaults:1)
  33 merfolk
  15 polar bears
  2 hellwings
  11 ravens
  A polar bear (shapeshifter) (Vaults:1)
  A sphinx simulacrum (Depths:2)
  12 trolls
  A two-headed ogre (shapeshifter) (Depths:2)
  17 blink frogs
  18 two-headed ogres
  A frost giant simulacrum (Depths:3)
  A centaur simulacrum (D:15)
  8 boulder beetles
  7 snapping turtles
  3 spriggan zombies (Depths:2)
  An ettin zombie (Vaults:3)
  9 water elementals
  2 spriggans (Depths:1)
  A tarantella (Vaults:4)
  A trapdoor spider (D:10)
  2 wyverns
  A ynoxinul (Abyss:1)
  12 redbacks
  3 vampires (Depths:4)
  3 hungry ghosts
  6 air elementals
  A chaos spawn (Zot:1)
  4 deep elf fighters
  4 basilisks
  2 deep elf magi
  2 neqoxecs
  3 fire bats (Depths:4)
  A steam dragon (D:7)
  An elf zombie (Depths:2)
  6 shadows
  13 hippogriffs
  17 humans
  16 wargs
  57 yaks
  2 wraiths
  2 salamander skeletons (Vaults:3)
  35 wolves
  A mottled dragon (Vaults:1)
  78 nagas
  A soldier ant (shapeshifter) (Vaults:2)
  A slave (D:9)
  17 porcupines
  12 vampire mosquitoes
  A deep troll skeleton (Vaults:2)
  A soldier ant (D:14)
  25 water moccasins
  Duvessa (D:5)
  8 spiders (Snake:3)
  An ettin simulacrum (Vaults:3)
  3 sky beasts
  3 black bears
  55 orc warriors
  21 centaurs
  A necrophage (Depths:2)
  A boring beetle (Lair:5)
  47 ogres
  4 ice beasts
  8 boggarts
  A boring beetle (shapeshifter) (Vaults:2)
  A brain worm (Abyss:1)
  A deep troll simulacrum (Vaults:3)
  2 human zombies
  19 giant frogs
  16 crocodiles
  Dowan (D:5)
  3 scorpions
  A wyvern skeleton (D:13)
  A human simulacrum (Vaults:3)
  22 killer bees
  A troll skeleton (D:10)
  2 spriggan skeletons
  The ghost of Viceroy the Vandal, a weakling HaHu (D:5)
  6 crimson imps
  7 wights
  6 electric eels
  A goliath beetle (shapeshifter) (Vaults:1)
  A quasit (D:5)
  2 wasp zombies
  3 jellies
  Crazy Yiuf (D:4)
  A giant frog skeleton (D:12)
  A giant frog zombie (D:10)
  25 orc wizards
  2 centaur skeletons
  8 hounds
  12 human skeletons
  Natasha (twice) (D:4)
  13 iguanas
  31 orc priests
  12 worker ants
  34 sheep
  2 spectral hounds (Depths:4)
  5 mummies (Depths:2)
  A worker ant zombie (D:9)
  43 river rats
  4 gnolls
  7 adders
  6 shadow imps
  2 white imps
  An adder zombie (D:10)
  3 adder skeletons
  2 worms (D:3)
  5 giant geckos
  263 orcs
  A ball python (D:3)
  14 bats
  2 bat zombies
  4 giant cockroaches
  18 goblins
  27 hobgoblins
  18 jackals
  32 kobolds
  5 quokkas
  8 giant newts
  13 rats
  A crawling corpse (Vaults:1)
  A plant (Shoals:3)
  2 starspawn tentacles (Abyss:1)
  7 tentacles
2234 creatures vanquished.

Vanquished Creatures (collateral kills)
  A sea snake (Shoals:2)
1 creature vanquished.

Vanquished Creatures (others)
  2 Orb Guardians (Zot:5)
  3 acid blobs
  6 great orbs of eyes
  A sphinx (Depths:2)
  2 storm dragons
  3 azure jellies
  A fire giant (Vaults:3)
  A draconian scorcher (Zot:3)
  A stone giant (Vaults:3)
  2 ironheart preservers
  A black draconian (Zot:1)
  Nessos (Orc:4)
  A red draconian (Zot:3)
  A mottled draconian (Zot:3)
  A merfolk javelineer (Shoals:5)
  A fire dragon (Zot:1)
  2 yaktaur captains
  A death cob (Zot:5)
  A hydra (Lair:8)
  An ice dragon (Zot:5)
  2 centaur warriors
  2 satyrs (Shoals:3)
  A vampire mage (Depths:2)
  A death yak (Lair:7)
  An ogre mage (Depths:2)
  An orc high priest (Depths:4)
  A naga sharpshooter (Snake:4)
  A wizard (Vaults:2)
  3 giant orange brains
  2 necromancers
  A cyclops (Depths:4)
  3 ugly things (Vaults:3)
  2 elephants (Lair:8)
  A torpor snail (Lair:8)
  13 drowned souls
  2 spiny frogs
  8 yaktaurs
  A freezing wraith (Vaults:3)
  A tengu conjurer (Depths:5)
  3 two-headed ogres
  5 fire vortices (Vaults:3)
  34 slime creatures
  4 nagas
  An air elemental (Depths:4)
  A vampire (Vaults:3)
  2 humans (D:14)
  4 yaks
  A spriggan (Depths:1)
  A golden eye (Slime:1)
  A hippogriff (Shoals:2)
  2 human simulacra
  3 centaurs
  7 water moccasins
  4 wolves
  A mottled dragon (Vaults:2)
  2 orc warriors (Orc:4)
  A black bear (D:12)
  A porcupine (Lair:7)
  A necrophage (D:14)
  2 boggarts (Depths:4)
  6 ogres
  A brain worm (Lair:8)
  466 jellies
  A crimson imp (D:15)
  A quasit (Depths:3)
  7 orc priests
  4 orc wizards
  2 human skeletons
  A hound (Orc:1)
  4 sheep (Lair:6)
  2 river rats
  A shadow imp (D:15)
  A giant gecko (D:9)
  41 orcs
  A hobgoblin (Orc:4)
  A kobold (Depths:4)
  3 goblins
  A rat (D:10)
  2 bushes (Lair:8)
  13 fungi
  10 plants
  2 starspawn tentacles (Abyss:1)
  36 starspawn tentacle segments (Abyss:1)
  20 tentacles
  444 tentacle segments
1232 creatures vanquished.

Grand Total: 3467 creatures vanquished
